 Dungeon Crawl Stone Soup version 0.31-a0-237-g2d982f9f85 (webtiles) character file.

Game seed: 1861724276398507611

1349 reriks the Ducker (level 8, -4/57 (64) HPs)
             Began as a Merfolk Gladiator on July 11, 2023.
             Was an Elder of Lugonu.
             Slain by a wight
             ... wielding a +3 mace
              (13 damage)
             ... on level 5 of the Dungeon.
             The game lasted 00:10:38 (4868 turns).

reriks the Ducker (Merfolk Gladiator)               Turns: 4868, Time: 00:10:39

HP:   -4/57 (64)    AC: 11    Str: 15    XL:     8   Next: 63%
MP:   11/11         EV: 14    Int:  9    God:    Lugonu [****..]
Gold: 395           SH:  0    Dex: 15    Spells: 7/7 levels left

rFire   + . .        r - +2 glaive (freeze)
rCold   . . .        (shield currently unavailable)
rNeg    + . .        n - +2 ring mail {rF+}
rPois   +            c - +0 helmet
rElec   .            (no cloak)
rCorr   .            g - +0 pair of gloves
SInv    .            q - +1 pair of boots {Fly}
Will    .....        (no amulet)
Stlth   +            u - ring of poison resistance
HPRegen 0.29/turn    v - ring of positive energy
MPRegen 0.12/turn

%: clarity
@: about to teleport, flying, heavily drained
A: (nimble swimmer 2), mertail, clarity, sense surroundings 1
a: Renounce Religion, Depart the Abyss, Banish, Corrupt


You were on level 5 of the Dungeon.
You worshipped Lugonu.
Lugonu was greatly pleased with you.
You visited 1 branch of the dungeon, and saw 6 of its levels.
You also visited: Sewer.

You collected 395 gold pieces.

Inventory:

Hand Weapons
 a - a +0 trident
 r - a +2 glaive of freezing (weapon)
Missiles
 d - 2 throwing nets
 e - 7 javelins
 x - 3 boomerangs (quivered)
Armour
 b - a +0 leather armour
 c - a +0 helmet (worn)
 g - a +0 pair of gloves (worn)
 l - a +0 scale mail
 n - a +2 ring mail of fire resistance (worn)
 q - a +1 pair of boots of flying (worn)
Jewellery
 u - a ring of poison resistance (left hand)
 v - a ring of positive energy (right hand)
Scrolls
 i - a scroll of teleportation
 j - 3 scrolls of vulnerability
 o - 2 scrolls of immolation
 p - a scroll of fear {unknown}
 s - a scroll of revelation {unknown}
 t - a scroll of amnesia {unknown}
 w - a scroll of torment {unknown}
Potions
 f - 2 potions of brilliance
 h - a potion of berserk rage


   Skills:
 + Level 5.9 Fighting
 + Level 7.8 Polearms
 - Level 3.1 Throwing
 + Level 7.8 Dodging
 + Level 4.7 Invocations


You had 7 spell levels left.
You didn't know any spells.
Your spell library contained the following spells:

 Spells                   Type           Power      Damage    Failure   Level
 Scorch                   Fire           0%         2d5       77%         2
 Ozocubu's Armour         Ice            0%         N/A       94%         3
 Vhi's Electric Charge    Tloc/Air       0%         N/A       94%         3
 Flame Wave               Conj/Fire      0%         2d4       100%        4
 Arcjolt                  Conj/Air       0%         1d10      100%        5
 Summon Cactus Giant      Summ           0%         N/A       100%        6
 Ozocubu's Refrigeration  Ice            0%         4d7       100%        7
 Maxwell's Capacitive Co  Air            0%         ∞         100%        8


Dungeon Overview and Level Annotations

Branches:
Dungeon (6/15)              Sewer (visited)
 Temple: D:4-7

Altars:
Cheibriados
Elyvilon
The Shining One
Lugonu

Shops:
D:3 :


Innate Abilities, Weirdness & Mutations

((You are very nimble when in or above water. (Stealth+, EV+, Speed+++)))
Your lower body shifts to a powerful aquatic tail in water.
You possess an exceptional clarity of mind.
You passively map a small area around you.


Message History

The wight is moderately damaged.
The wight hits you but does no damage.
You slash the wight! You freeze the wight.
You destroy the wight!
Lugonu accepts your kill.
Your life force feels restored.
Things that are here:
a +0 hand axe; a +0 robe You reach to attack!
You closely miss the wight. The wight closely misses you. x2
You barely miss the wight. The wight barely misses you.
The wight closely misses you.
You hit the wight but do no damage. The wight completely misses you.
The wight hits you with a +2 great sword!!
You partially resist.
You feel drained.
You are too injured to fight recklessly!
You are too injured to fight recklessly!
You are too injured to fight recklessly!
You are too injured to fight recklessly!
You are too injured to fight recklessly!
You hit the wight.
The wight is lightly damaged.
The wight hits you with a +3 mace! You partially resist.
You feel drained.
The wight hits you with a +2 great sword!
You partially resist.
You feel drained.
You completely miss the wight.
The wight is lightly damaged.
The wight hits you with a +3 mace!
* * * LOW HITPOINT WARNING * * *
You partially resist.
You feel drained.
The wight hits you with a +2 great sword!
* * * LOW HITPOINT WARNING * * *
You partially resist.
You feel drained. The wight closely misses you. x2
Okay, then.
Unknown command.
Okay, then.
It was a potion of curing.
You feel better. The wight barely misses you.
The wight hits you but does no damage.
As you read the scroll of teleportation, it crumbles to dust.
You feel strangely unstable. The wight hits you with a +3 mace!
You die...

* .. .... , #######....
, #..........
#.#=#.#.#.#
#..............
##...⌠.....⌠..... ,
##...@z.._.........
#.....z.....⌠.O....
###................,
###..#.#.#.#.#.#....
#...................
##..................
##..#...............
##......))...........
##........<#.#........,


You could see 2 wights.

Vanquished Creatures
  2 ogres
  A centaur (D:5)
  2 bullfrogs (Sewer)
  3 wights (D:5)
  2 howler monkeys
  A jelly (D:4)
  An orc priest (D:5)
  3 hounds
  An iron imp (D:4)
  3 iguanas
  An orc wizard (D:4)
  Terence (D:2)
  3 gnolls
  12 adders
  A river rat (D:4)
  A dart slug (D:3)
  A worm (D:4)
  14 orcs
  8 bats
  17 endoplasms
  12 giant cockroaches
  4 goblins
  2 hobgoblins
  7 jackals
  10 quokkas
  10 ball pythons
  13 frilled lizards
  10 kobolds
  6 rats
152 creatures vanquished.

Vanquished Creatures (collateral kills)
  Edmund (D:5)
  An iguana (D:5)
2 creatures vanquished.

Grand Total: 154 creatures vanquished

Notes
Turn   | Place    | Note
-------+----------+-------------------------------------------
     0 | D:1      | reriks the Merfolk Gladiator began the quest for the Orb.
     0 | D:1      | Reached XP level 1. HP: 16/16 MP: 1/1
   252 | D:1      | Reached XP level 2. HP: 22/23 MP: 2/2
   891 | D:1      | Gained mutation: You occasionally shout uncontrollably at
                  | your foes. [potion of mutation]
   891 | D:1      | Gained mutation: You are clumsy. (Dex -2) [potion of
                  | mutation]
   891 | D:1      | Lost mutation: You are clumsy. (Dex -2) [potion of
                  | mutation]
   891 | D:1      | Gained mutation: Your system is resistant to poisons.
                  | (rPois) [potion of mutation]
   894 | D:1      | Reached XP level 3. HP: 6/28 MP: 3/3
   894 | D:1      | Lost mutation: You occasionally shout uncontrollably at
                  | your foes. [potion of mutation]
   894 | D:1      | Lost mutation: Your system is resistant to poisons. (rPois)
                  | [potion of mutation]
   894 | D:1      | Gained mutation: You possess an exceptional clarity of
                  | mind. [potion of mutation]
   894 | D:1      | Gained mutation: You passively map a small area around you.
                  | [potion of mutation]
  1192 | D:2      | Noticed Terence
  1208 | D:2      | Killed Terence
  1209 | D:2      | Reached XP level 4. HP: 35/35 MP: 4/4
  1897 | D:3      | Found a faded altar of an unknown god.
  1906 | D:3      | Reached skill level 5 in Dodging
  1911 | D:3      | Prayed at the altar of an unknown god.
  1911 | D:3      | Became a worshipper of Lugonu the Unformed
  1911 | D:3      | Reached * piety under Lugonu
  1938 | D:3      | Reached skill level 5 in Polearms
  1938 | D:3      | Reached XP level 5. HP: 27/41 MP: 5/5
  2158 | D:3      | You are sucked into a shaft and drop 3 floors!
  2165 | D:5      | Entered Level 5 of the Dungeon
  2228 | D:5      | Reached skill level 1 in Invocations
  2473 | D:4      | Reached XP level 6. HP: 45/48 MP: 7/7
  2616 | D:4      | Found a glowing drain.
  2621 | D:4      | Reached ** piety under Lugonu
  2628 | Sewer    | Entered a sewer
  3051 | Sewer    | Reached XP level 7. HP: 35/54 MP: 8/8
  3057 | Sewer    | Reached *** piety under Lugonu
  3446 | D:4      | Found a snail-covered altar of Cheibriados.
  4019 | D:3      | Found Qeucolul's Book Emporium.
  4404 | D:3      | Found a glowing golden altar of the Shining One.
  4450 | D:3      | Reached **** piety under Lugonu
  4451 | D:3      | Reached skill level 5 in Fighting
  4586 | D:5      | Noticed Edmund
  4596 | D:5      | Reached XP level 8. HP: 41/62 MP: 10/10
  4603 | D:5      | Killed Edmund
  4777 | D:5      | Found a white marble altar of Elyvilon.
  4866 | D:5      | HP: 2/58 [wight/+2 great sword (8)]
  4868 | D:5      | Slain by a wight

Illustrated notes

Levels and vault maps discovered:
D:1:      erik_arrival_blinker_ship, layout_basic, minmay_gold_behind_fungi
D:2:      layout_basic, minmay_close_crescents, uniq_terence
D:3:      layout_basic, tso_oasis_becter, serial_shops,
          nicolae_shop_tiny_waterfront, nicolae_ecumenical_pavilion,
          saegor_snake_ambush
D:4:      layout_basic, slow_altar_2, portal_sewer_entry_b
D:5:      layout_cave_pools, okawaru_gym_becter, elyvilon_altar_5,
          nicolae_overflow_squiral, serial_shops, kennysheep_little_box,
          kennysheep_generic_room_13, uniq_edmund
D:6:      layout_basic, minmay_temple_entry_antechambers, hangedman_glass_teeth

Skill      XL: |  1  2  3  4  5  6  7  8 |
---------------+-------------------------+-----
Fighting       | 3 4 5 |  5.9
Throwing       | 3 |  3.1
Dodging        | 5 6 7 |  7.8
Polearms       | 5 6 7 |  7.8
Invocations    | 1 2 3 4 |  4.7

Action                     |  1- 3 |  4- 6 |  7- 9 || total
---------------------------+-------+-------+-------++-------
  Melee: Trident           |    93 |   251 |    10 ||   354
         Punch             |       |     1 |       ||     1
         Glaive            |       |       |   134 ||   134
  Throw: Throwing net      |       |     1 |       ||     1
         Boomerang         |       |       |     8 ||     8
    Use: Potion            |     2 |       |     1 ||     3
         Scroll            |       |     5 |     5 ||    10
   Stab: Sleeping          |       |     1 |       ||     1
 Armour: Leather armour    |    30 |     1 |       ||    31
         Scale mail        |       |    11 |       ||    11
         Ring mail         |       |    83 |    63 ||   146
  Dodge: Dodged            |    57 |   159 |    92 ||   308

Table legend: (Time is in decaauts)
 A = Elapsed time spent in this place.
 B = Non-inter-level travel time spent in this place.
 C = Inter-level travel time spent in this place.
 D = Time resting spent in this place.
 E = Time spent auto-exploring this place.
 F = Levels seen in this place.
 G = Mean time per level.
                   A        B        C        D        E       F      G
               +--------+--------+--------+--------+--------+-----+--------+
         Total |   4868 |   4407 |    461 |    745 |   2439 |   7 |  695.4 |
       Dungeon |   4389 |   3928 |    461 |    566 |   2359 |   6 |  731.5 |
         Sewer |    478 |    478 |      0 |    179 |     80 |   1 |  478.0 |
               +--------+--------+--------+--------+--------+-----+--------+

Top non-repeatable levels by time:
     D:1: 1058 daAuts
     D:2: 1055 daAuts
     D:4: 963 daAuts
     D:3: 837 daAuts
   Sewer: 478 daAuts
     D:5: 468 daAuts
     D:6: 6 daAuts
